 Dungeon Crawl Stone Soup version 0.27-a0-1555-g0e7b3fb1d2 (webtiles) character file.

Game seed: 2147952238268253868

86 Morbidden the Insei (level 4, 0/33 HPs)
             Began as a Demonspawn Transmuter on July 14, 2021.
             Slain by Terence (4 damage)
             ... on level 3 of the Dungeon.
             The game lasted 00:02:54 (3575 turns).

Morbidden the Insei (Demonspawn Transmuter)         Turns: 3575, Time: 00:02:54

Health: 0/33       AC:  4    Str: 10    XL:     4   Next: 27%
Magic:  3/7        EV: 12    Int: 15    God:
Gold:   99         SH:  0    Dex: 14    Spells: 4/7 levels left

rFire    . . .     SeeInvis +     - Unarmed
rCold    . . .     Faith    .   (no shield)
rNeg     . . .     Spirit   .   a - +0 robe
rPois    .         Reflect  .   (helmet currently unavailable)
rElec    .         Harm     .   (no cloak)
rCorr    .         Rampage  .   (no gloves)
Will     .....                  (boots currently unavailable)
Stlth    +.........             (no amulet)
HPRegen  0.11/turn              f - ring of see invisible
MPRegen  0.10/turn              (no ring)

@: appendages (expiring), wereblooded, very slightly contaminated
A: horns 2, talons 2, icy blue scales 1, demonic guardian 1
a: End Transformation


You were on level 3 of the Dungeon.
You had temporarily grown beastly horns and talons.
You visited 1 branch of the dungeon, and saw 3 of its levels.

You collected 99 gold pieces.

Inventory:

Missiles
 d - 45 stones
Armour
 a - a +0 robe (worn)
Jewellery
 f - a ring of see invisible (left hand)
Scrolls
 b - a scroll of torment {unknown}
 g - a scroll of holy word {unknown}
 k - a scroll of teleportation {unknown}
Potions
 c - 3 potions of resistance {unknown}
 e - a potion of degeneration {unknown}
 h - a potion of flight {unknown}
 i - a potion of heal wounds {unknown}
 j - a potion of cancellation {unknown}


   Skills:
 * Level 2.0 Fighting
 * Level 2.4 Dodging
 + Level 0.3 Stealth
 + Level 3.2 Unarmed Combat
 * Level 2.4 Spellcasting
 * Level 2.3 Transmutations


You had 4 spell levels left.
You knew the following spells:

 Your Spells              Type           Power      Damage    Failure   Level
a - Beastly Appendage     Tmut           16%        N/A       9%          1
b - Wereblood             Tmut           8%         N/A       12%         2

Your spell library contained the following spells:

 Spells                   Type           Power      Damage    Failure   Level
 Passwall                 Tmut/Erth      4%         N/A       21%         2
 Sandblast                Erth           2%         2d4       22%         1
 Spider Form              Tmut/Pois      2%         N/A       36%         3
 Ice Form                 Ice/Tmut       5%         N/A       78%         4
 Lee's Rapid Deconstruct  Erth           0%         3d5*      99%         5


Dungeon Overview and Level Annotations

Branches:
Dungeon (3/15)

Altars:

Annotations:
D:3 2 transporters, Gilette's ghost, amateur FoFi; Terence


Innate Abilities, Weirdness & Mutations

You have temporarily grown beastly horns and talons.
You are partially covered in icy blue scales. (AC +2)
A weak demonic guardian rushes to your aid.


Message History

You miscast Wereblood.
You are very lightly contaminated with residual magic.
Nothing appears to happen.
Terence hits you with a +1 short sword of protection.
Unknown command.
You hit Terence. Your headbutt misses Terence.
Terence is moderately wounded.
Terence barely misses you.
The gnoll shouts!
You hit Terence. You claw Terence, but do no damage.
Terence is heavily wounded.
The gnoll barely misses you.
Casting: Wereblood (safe; 12% risk of failure)
Confirm with . or Enter, or press ? or * to list all spells.
Your blood is infused with primal strength.
Terence hits you with a +1 short sword of protection.
The gnoll hits you from afar with a +0 spear.
A demonic guardian appears!
Terence hits you with a +1 short sword of protection.
The gnoll hits you but does no damage.
Unknown command.
Unknown command.
You are too injured to fight recklessly!
You are too injured to fight recklessly!
You are too injured to fight recklessly!
You hit Terence but do no damage. You headbutt Terence, but do no damage.
Terence is heavily wounded.
Terence hits you with a +1 short sword of protection.
The gnoll hits you from afar with a +0 spear.
* * * LOW HITPOINT WARNING * * *
You closely miss Terence.
Terence is heavily wounded.
Your transformation is almost over.
Terence barely misses you.
The gnoll hits you from afar with a +0 spear.
* * * LOW HITPOINT WARNING * * *
Unknown command.
Your shadow imp hits Terence but does no damage.
Terence hits you with a +1 short sword of protection.
You die...

#..... +..... #.....
#..... . #.....
######## .....+.....
#......###.......#.....
#.....5@g...# #.......
#.....@##.#.# #.......
#......# .. #.......
#......# ## #.......
#......+ ........
#......## ........
#......<# ........
#.......###.# ........
#.......†...# ........
#######.##### ........


You could see Terence (ally target), a gnoll and a friendly shadow imp
(summoned).

Vanquished Creatures
  A gnoll (D:3)
  3 adders (D:3)
  A worm (D:2)
  A dart slug (D:2)
  An endoplasm (D:2)
  A giant cockroach (D:2)
  4 goblins
  6 hobgoblins
  2 jackals (D:2)
  4 kobolds
  3 quokkas (D:2)
  7 ball pythons
  5 bats
  A frilled lizard (D:1)
  4 rats
44 creatures vanquished.

Notes
Turn   | Place    | Note
-------+----------+-------------------------------------------
     0 | D:1      | Morbidden the Demonspawn Transmuter began the quest for the
                  | Orb.
     0 | D:1      | Reached XP level 1. HP: 15/15 MP: 3/3
   277 | D:1      | Reached skill level 3 in Unarmed Combat
   434 | D:1      | Gained mutation: You are partially covered in icy blue
                  | scales. (AC +2) [demonic ancestry]
   434 | D:1      | Reached XP level 2. HP: 20/21 MP: 3/5
   512 | D:1      | Found a faded altar of an unknown god.
  1234 | D:2      | Learned a level 2 spell: Wereblood
  2008 | D:2      | Gained mutation: A weak demonic guardian rushes to your
                  | aid. [demonic ancestry]
  2008 | D:2      | Reached XP level 3. HP: 24/26 MP: 2/6
  3480 | D:3      | Found a transporter.
  3482 | D:3      | Noticed Gilette's ghost (amateur FoFi)
  3486 | D:3      | Found a transporter.
  3506 | D:3      | Reached XP level 4. HP: 33/33 MP: 5/7
  3564 | D:3      | Noticed Terence
  3575 | D:3      | Slain by Terence

Illustrated notes

Levels and vault maps discovered:
D:1:      lightli_molten_gateway, layout_loops_ring,
          shapermc_ecumenical_altar_totnotflames, fountainhead
D:2:      layout_basic
D:3:      layout_basic, old_standard_altar, gammafunk_ghost_mausoleum,
          uniq_terence

Skill      XL: |  1  2  3 |
---------------+----------+-----
Unarmed Combat | 3 |  3.2
Dodging        | 2 |  2.4
Transmutations | 2 |  2.3
Fighting       | 2 |  2.0
Stealth        | |  0.3
Spellcasting   | |  2.4

Action                   |  1- 3 |  4- 6 || total
-------------------------+-------+-------++-------
Melee: Unarmed           |   148 |     9 ||   157
       Kick              |    13 |     3 ||    16
       Headbutt          |    10 |     4 ||    14
       Punch             |     1 |       ||     1
 Cast: Beastly Appendage |    22 |     3 ||    25
       Wereblood         |     7 |     1 ||     8
 Stab: Sleeping          |     1 |       ||     1
Armor: Robe              |    33 |     1 ||    34
Dodge: Dodged            |   115 |     6 ||   121

Table legend: (Time is in decaauts)
 A = Elapsed time spent in this place.
 B = Non-inter-level travel time spent in this place.
 C = Inter-level travel time spent in this place.
 D = Time resting spent in this place.
 E = Time spent auto-exploring this place.
 F = Levels seen in this place.
 G = Mean time per level.
                   A        B        C        D        E       F      G
               +--------+--------+--------+--------+--------+-----+--------+
         Total |   3571 |   3438 |    133 |    201 |   2835 |   3 | 1190.3 |
       Dungeon |   3571 |   3438 |    133 |    201 |   2835 |   3 | 1190.3 |
               +--------+--------+--------+--------+--------+-----+--------+

Top non-repeatable levels by time:
     D:2: 1644 daAuts
     D:1: 1265 daAuts
     D:3: 661 daAuts
